 Dungeon Crawl Stone Soup version 0.26.0-45-g9c1d065592 (webtiles) character file.

Game seed: 5884674350167880929

1318 Gauvater the Chopper (level 8, -1/71 HPs)
             Began as a Palentonga Fighter on Jan 28, 2021.
             Slain by an orc warrior
             ... wielding a +0 battleaxe
              (11 damage)
             ... on level 5 of the Dungeon.
             The game lasted 00:26:00 (6047 turns).

Gauvater the Chopper (Palentonga Fighter)           Turns: 6047, Time: 00:26:00

Health: -1/71      AC: 14    Str: 23    XL:     8   Next: 33%
Magic:  8/8        EV:  7    Int:  8    God:
Gold:   323        SH: 15    Dex:  9    Spells: 7/7 levels left

rFire    x . .     SeeInvis +   a - +0 war axe
rCold    + . .     Faith    .   c - +0 kite shield
rNeg     . . .     Spirit   .   b - +0 scale mail
rPois    .         Reflect  +   (no helmet)
rElec    .         Harm     .   (no cloak)
rCorr    .         Rampage  .   (no gloves)
Will     .....                  (no barding)
Stlth    +.........             w - amulet of reflection
HPRegen  0.21/turn              O - ring of ice
MPRegen  0.11/turn              C - ring of stealth

@: curled up
A: large, rugged brown scales 3, see invisible, deformed body, roll 1, armoured
tail, reflexive curl
a: Rolling Charge


You were on level 5 of the Dungeon.
You visited 1 branch of the dungeon, and saw 6 of its levels.
You also visited: Sewer.

You collected 323 gold pieces.

Inventory:

Hand Weapons
 a - a +0 war axe (weapon)
 m - a +3 rapier of draining
 P - a +2 dagger of protection
Missiles
 e - 78 arrows
 j - 70 bolts
 k - 16 sling bullets
 y - 8 javelins
 E - 72 stones
 H - 19 poisoned darts
 J - 4 boomerangs
Armour
 b - a +0 scale mail (worn)
 c - a +0 kite shield (worn)
 x - a +0 tower shield
 L - a +0 cloak
Jewellery
 w - an amulet of reflection (around neck)
 A - an uncursed ring of flight
 B - an uncursed ring of positive energy
 C - a ring of stealth (right hand)
 N - a +6 ring of intelligence
 O - a ring of ice (left hand)
Wands
 D - a wand of enslavement (9)
 I - a wand of acid (4)
Scrolls
 f - 3 scrolls of teleportation
 g - a scroll of magic mapping
 h - 2 scrolls of blinking
 i - 4 scrolls of enchant weapon
 p - 3 scrolls of fear
 q - 2 scrolls of remove curse {unknown}
 r - 5 scrolls of fog
 v - 3 scrolls of enchant armour {unknown}
 F - a scroll of amnesia {unknown}
 M - a scroll of immolation {unknown}
Potions
 d - 2 potions of might
 l - 2 potions of lignification {unknown}
 o - a potion of mutation {unknown}
 s - 2 potions of brilliance
 t - a potion of resistance {unknown}
 u - a potion of flight {unknown}
 z - 5 potions of curing
 G - 8 potions of heal wounds {unknown}
 K - a potion of haste {unknown}


   Skills:
 + Level 4.8 Fighting
 + Level 5.7 Axes
 + Level 0.5 Throwing
 + Level 3.7 Armour
 + Level 2.2 Dodging
 + Level 0.1 Stealth
 + Level 4.6 Shields
 * Level 3.0 Evocations


You had 7 spell levels left.
You didn't know any spells.
Your spell library was empty.

Dungeon Overview and Level Annotations

Branches:
Dungeon (6/15)              Sewer (visited)
 Temple: D:4-7

Altars:
Ashenzari
Hepliaklqana
Sif Muna
Zin


Innate Abilities, Weirdness & Mutations

You are completely covered in rugged brown scales. (AC +3, +7% HP)
You have supernaturally acute eyesight. (SInv)
Armour fits poorly on your strangely shaped body.
You can roll at nearby foes to attack.
You have a long armoured tail.
You curl defensively after being hit.


Message History

You closely miss the orc warrior.
The orc warrior is heavily wounded.
You block the orc warrior's attack.
You slash the orc warrior!
The orc warrior is severely wounded.
You block the orc warrior's attack.
You closely miss the orc warrior.
Your tail-slap misses the orc warrior.
The orc warrior is severely wounded.
You block the orc warrior's attack.
You hit the orc warrior but do no damage.
The orc warrior is severely wounded.
The orc warrior hits you with a +0 battleaxe.
* * * LOW HITPOINT WARNING * * *
You hit the orc warrior but do no damage.
The orc warrior is severely wounded.
The orc warrior hits you with a +0 battleaxe!
* * * LOW HITPOINT WARNING * * *
You feel better.
The orc warrior hits you with a +0 battleaxe!
You die...

############ #........[.#
#.########.# #.# #.#
#.###### #.# #....#.#
#.####### ##############.#.#
#.......#
...............o@#########.#
###########....#[[...# #.#
#.####.###.# #.# #.# #.# #.#
#.# #####.# #.# #.#####.#
#.....# #.# #.....#.##
#.##### #.# #####.#..# #.#
#.##### #.##.# #.# #.....#
#....#


You could see an orc warrior.

Vanquished Creatures
  Eustachio (D:5)
  An ice beast (D:5)
  3 phantoms
  2 ogres (D:5)
  2 big kobolds (Sewer)
  A jelly (D:5)
  A howler monkey (D:5)
  A hound (D:4)
  A bullfrog skeleton (D:5)
  An orc wizard (D:5)
  An iguana (D:5)
  3 worker ants
  9 adders
  A river rat (D:5)
  A shadow imp (D:5)
  2 oozes (Sewer)
  An adder zombie (D:5)
  4 worms
  2 dart slugs
  5 leopard geckos
  8 orcs
  3 giant cockroaches
  10 hobgoblins
  9 jackals
  A quokka (D:3)
  3 ball pythons
  10 bats
  6 frilled lizards
  13 goblins
  21 kobolds
  A leopard gecko zombie (D:5)
  12 rats
140 creatures vanquished.

Vanquished Creatures (others)
  5 plants (Sewer)
5 creatures vanquished.

Grand Total: 145 creatures vanquished

Notes
Turn   | Place    | Note
-------+----------+-------------------------------------------
     0 | D:1      | Gauvater the Palentonga Fighter began the quest for the
                  | Orb.
     0 | D:1      | Reached XP level 1. HP: 20/20 MP: 1/1
   184 | D:1      | Reached XP level 2. HP: 27/27 MP: 2/2
   772 | D:1      | Reached XP level 3. HP: 33/33 MP: 3/3
  1127 | D:2      | You fall into a shaft and drop 2 floors!
  1584 | D:2      | Found a broken altar of Ashenzari.
  1814 | D:2      | Reached XP level 4. HP: 27/40 MP: 4/4
  2261 | D:3      | Found a hazy altar of Hepliaklqana.
  2659 | D:3      | Reached XP level 5. HP: 48/48 MP: 5/5
  2779 | D:3      | Found a shimmering blue altar of Sif Muna.
  2939 | D:3      | Found a faded altar of an unknown god.
  2958 | D:3      | Reached skill level 3 in Axes
  2997 | D:3      | Found a glowing silver altar of Zin.
  2997 | D:3      | Noticed an angel
  3707 | D:4      | Noticed a phantom
  3723 | D:4      | Killed a phantom
  3724 | D:4      | Reached skill level 1 in Dodging
  3724 | D:4      | Reached skill level 1 in Evocations
  3724 | D:4      | Reached XP level 6. HP: 28/55 MP: 6/6
  4101 | D:5      | Entered Level 5 of the Dungeon
  4264 | D:5      | Found a glowing drain.
  4264 | D:5      | Noticed Eustachio
  4276 | D:5      | Killed Eustachio
  4277 | D:5      | Reached skill level 4 in Axes
  4427 | Sewer    | Entered a sewer
  4703 | Sewer    | Gained mutation: You curl defensively after being hit.
                  | [Palentonga growth]
  4703 | Sewer    | Reached XP level 7. HP: 54/63 MP: 7/7
  5157 | D:5      | Reached skill level 5 in Axes
  5451 | D:5      | Reached XP level 8. HP: 51/71 MP: 8/8
  6046 | D:5      | HP: 2/71 [orc warrior/+0 battleaxe (17)]
  6047 | D:5      | Slain by an orc warrior

Illustrated notes

Levels and vault maps discovered:
D:1:      evilmike_arrival_crescent, layout_loops_cross
D:2:      layout_basic, nicolae_ashenzari_panopticon,
          chequers_serial_rivers_small_b
D:3:      layout_basic, zin_angel, old_standard_altar,
          nicolae_overflow_hidden_temple, chequers_ecumenical_altar_simple
D:4:      layout_rooms
D:5:      layout_basic, portal_sewer_entry_a, uniq_eustachio
D:6:      layout_basic, yredelemnul_altar_generic,
          minmay_temple_entry_nine_rooms

Skill      XL: |  1  2  3  4  5  6  7  8 |
---------------+-------------------------+-----
Shields        | 3 4 |  4.6
Axes           | 3 4 5 |  5.7
Armour         | 3 |  3.7
Dodging        | 1 2 |  2.2
Evocations     | 1 2 3 |  3.0
Fighting       | 4 |  4.8
Throwing       | |  0.5
Stealth        | |  0.1

Action                   |  1- 3 |  4- 6 |  7- 9 || total
-------------------------+-------+-------+-------++-------
Melee: War axe           |    95 |   221 |   111 ||   427
       Tailslap          |     8 |    28 |    20 ||    56
Throw: Dart              |       |       |     8 ||     8
 Abil: Rolling Charge    |     8 |    28 |    12 ||    48
  Use: Scroll            |       |     7 |     1 ||     8
       Potion            |       |     1 |     2 ||     3
Armor: Scale mail        |    48 |   127 |    25 ||   200
Dodge: Dodged            |    19 |    75 |    22 ||   116
Block: Kite shield       |    43 |   135 |    74 ||   252
